 Dungeon Crawl Stone Soup version 0.24.0-13-gcf9b3192b9 (webtiles) character file.

Game seed: 16746779984790635175, levelgen mode: deterministic

19855 Ponchio the Fighter (level 12, -3/79 HPs)
             Began as a Gargoyle Fighter on Nov 5, 2019.
             Was an Elder of the Shining One.
             Slain by an eight-headed hydra (7 damage)
             ... on level 10 of the Dungeon.
             The game lasted 00:59:14 (14425 turns).

Ponchio the Fighter (Gargoyle Fighter)             Turns: 14425, Time: 00:59:14

Health: -3/79      AC: 20    Str: 23    XL:     12   Next: 73%
Magic:  9/12       EV: 19    Int:  9    God:    the Shining One [****..]
Gold:   868        SH: 22    Dex: 19    Spells: 11/11 levels left

rFire    . . .     SeeInvis .   a - +2 mace (crush)
rCold    . . .     Gourm    .   c - +3 shield
rNeg     + + +     Faith    .   o - +3 leather armour
rPois    ∞         Spirit   .   (helmet restricted)
rElec    +         Reflect  .   (no cloak)
rCorr    .         Harm     .   t - +0 pair of gloves
MR       .....                  (no boots)
Stlth    +.........             (no amulet)
HPRegen  0.23/turn              g - +4 ring of dexterity
MPRegen  0.13/turn              s - ring of positive energy

@: divine shield, hasted, glowing, very quick
A: beak, hooves 1, icy blue scales 1, agile 1, negative energy resistance 1,
shaggy fur 1, electricity resistance, strong 1, unbreathing, petrification
resistance, rot immunity, AC +8
a: Divine Shield, Cleansing Flame, Renounce Religion


You were on level 10 of the Dungeon.
You worshipped the Shining One.
The Shining One was greatly pleased with you.
You were very hungry.

You visited 3 branches of the dungeon, and saw 13 of its levels.
You also visited: Sewer.

You collected 868 gold pieces.

Inventory:

Hand Weapons
 a - a +2 mace of crushing (weapon)
 E - a +1 flail of holy wrath
Missiles
 l - 5 boomerangs of dispersal (quivered)
Armour
 c - a +3 shield (worn)
 o - a +3 leather armour (worn)
 t - a +0 pair of gloves (worn)
 D - a +0 leather armour of fire resistance
Jewellery
 g - a +4 ring of dexterity (left hand)
 s - a ring of positive energy (right hand)
 u - an uncursed ring of wizardry
 v - an uncursed ring of positive energy
 w - an uncursed ring of positive energy
Wands
 m - a wand of paralysis (9)
 A - a wand of digging (6)
 F - a wand of flame (8)
 K - a wand of scattershot (5)
Scrolls
 e - 2 scrolls of magic mapping
 h - 3 scrolls of amnesia
 j - 5 scrolls of remove curse
 x - 3 scrolls of teleportation
 y - 2 scrolls of fog
 C - 3 scrolls of blinking
 I - a scroll of fear
Potions
 b - a potion of ambrosia {unknown}
 d - a potion of heal wounds
 i - a potion of resistance
 k - 2 potions of haste
 n - 5 potions of curing
 p - 2 potions of flight
 q - a potion of agility {unknown}
 r - 3 potions of lignification {unknown}
 z - a potion of mutation
 B - 2 potions of magic {unknown}
 G - a potion of degeneration {unknown}
 H - a potion of berserk rage {unknown}
 J - 2 potions of brilliance {unknown}
 L - a potion of cancellation {unknown}
Comestibles
 f - 12 rations


   Skills:
 + Level 10.6 Fighting
 + Level 10.6 Maces & Flails
 - Level 6.9 Armour
 * Level 9.9 Dodging
 + Level 9.8 Shields
 - Level 1.2 Invocations


You had 11 spell levels left.
You didn't know any spells.
Your spell library was empty.

Dungeon Overview and Level Annotations

Branches:
Dungeon (10/15)            Temple (1/1) D:5            Lair (2/6) D:8
  Sewer (visited)
  Swamp: Lair:2-4    Shoals: Lair:2-4     Snake: Lair:2-4    Spider: Lair:2-4
    Orc: D:9-12

Altars:
Ashenzari
Cheibriados
Dithmenos
Elyvilon
Fedhas
Gozag
Hepliaklqana
Kikubaaqudgha
Makhleb
Nemelex Xobeh
Okawaru
Qazlal
Ru
Sif Muna
Trog
Uskayaw
Vehumet
Wu Jian
Xom
Yredelemnul
Zin
The Shining One

Shops:
D:6 *

Annotations:
Lair:1 exclusion: 2 oklob plants


Innate Abilities, Weirdness & Mutations

You are resistant to torment.
Your stone body is resilient. (AC +8)
You are immune to poison.
You resist negative energy. (rN+)
You are resistant to electric shocks. (rElec)
You can survive without breathing.
You are immune to petrification.
You are immune to rotting.
You have a beak for a mouth.
You have large cloven feet.
You are partially covered in icy blue scales. (AC +2)
You are agile. (Dex +2)
You are covered in fur. (AC +1)
Your muscles are strong. (Str +2)


Message History

You feel better.
The eight-headed hydra barely misses you.
The eight-headed hydra bites you but does no damage.
You block the eight-headed hydra's attack. x2
The eight-headed hydra bites you but does no damage.
The eight-headed hydra completely misses you.
The eight-headed hydra bites you but does no damage.
The eight-headed hydra bites you.
You hit the eight-headed hydra. You kick the eight-headed hydra.
The eight-headed hydra is heavily wounded.
You block the eight-headed hydra's attack. x3
The eight-headed hydra closely misses you.
The eight-headed hydra bites you.
* * * LOW HITPOINT WARNING * * *
The eight-headed hydra bites you!
* * * LOW HITPOINT WARNING * * *
The eight-headed hydra bites you!
* * * LOW HITPOINT WARNING * * *
The eight-headed hydra bites you!
You die...

# #<#
#. #.#
.###
#.# ..#
#.# #.#
#.# #.#
#.# #.#
#.# #D#
#.# #@#
#.# #.#
#.# #.#
#.# #.#
#.#
#.###.#
#.....#
#######


You could see an eight-headed hydra.

Vanquished Creatures
  A hydra (Lair:2)
  Erica (Lair:1)
  A catoblepas (Lair:2)
  6 death yaks
  Joseph (D:7)
  2 black mambas
  A torpor snail (Lair:2)
  4 spiny frogs
  The ghost of happy the Gusty, a novice GnAE of Ashenzari (D:2)
  4 komodo dragons
  A troll (D:9)
  4 blink frogs (Lair:1)
  3 dream sheep
  Prince Ribbit (D:7)
  5 hippogriffs
  A spriggan (D:9)
  7 yaks
  Grum (D:7)
  7 water moccasins
  5 porcupines
  An orc warrior (D:9)
  4 sky beasts
  2 black bears
  A phantom (D:4)
  An ogre (D:4)
  5 centaurs
  4 wolves
  4 crocodiles
  11 bullfrogs
  A water moccasin zombie (D:9)
  2 wyvern skeletons
  7 scorpions
  2 water moccasin skeletons
  8 killer bees
  A howler monkey (D:6)
  3 wights (D:7)
  2 crimson imps
  3 jellies
  8 orc priests
  A hound (D:5)
  2 bullfrog skeletons
  A gnoll shaman (D:5)
  14 orc wizards
  Natasha (thrice) (D:3)
  4 iguanas
  5 worker ants
  A killer bee zombie (D:8)
  3 hound zombies
  A hound skeleton (D:9)
  A worker ant zombie (D:9)
  Robin (D:3)
  12 gnolls
  14 adders
  A shadow imp (D:5)
  An ooze (D:7)
  An adder zombie (D:7)
  2 adder skeletons (D:4)
  6 worms
  3 dart slugs
  8 leopard geckos
  39 orcs
  10 ball pythons
  12 bats
  4 giant cockroaches
  16 goblins
  10 hobgoblins
  22 jackals
  3 quokkas
  7 frilled lizards
  A jackal zombie (D:9)
  14 kobolds
  A quokka skeleton (D:4)
  11 rats
  4 plants (Sewer)
366 creatures vanquished.

Vanquished Creatures (others)
  A leopard gecko (D:2)
  39 fungi
  7 plants
47 creatures vanquished.

Grand Total: 413 creatures vanquished

Notes
Turn   | Place    | Note
-------+----------+-------------------------------------------
     0 | D:1      | Ponchio the Gargoyle Fighter began the quest for the Orb.
     0 | D:1      | Reached XP level 1. HP: 14/14 MP: 1/1
   161 | D:1      | Reached XP level 2. HP: 12/19 MP: 2/2
   552 | D:1      | Reached XP level 3. HP: 24/24 MP: 3/3
  1203 | D:2      | Reached XP level 4. HP: 25/30 MP: 4/4
  1801 | D:2      | Reached XP level 5. HP: 31/34 MP: 5/5
  2041 | D:3      | Found a runed translucent gate.
  2041 | D:3      | Found a runed translucent gate.
  2041 | D:3      | Found a runed translucent gate.
  2042 | D:3      | Noticed happy's ghost (novice GnAE)
  2084 | D:3      | Reached skill level 5 in Fighting
  2130 | D:3      | Found a radiant altar of Vehumet.
  2171 | D:3      | Noticed Natasha
  2179 | D:3      | Killed Natasha
  2237 | D:3      | Noticed Robin
  2264 | D:3      | Killed Robin
  2424 | D:3      | Found a blossoming altar of Fedhas.
  2566 | D:3      | Noticed Natasha
  2577 | D:3      | Killed Natasha
  2578 | D:3      | Reached XP level 6. HP: 30/40 MP: 6/6
  2738 | D:3      | Noticed a moth of wrath
  2740 | D:3      | Found a bloodstained altar of Trog.
  3403 | D:2      | HP: 1/41 [happy's ghost/the air (15)]
  3419 | D:2      | Killed happy's ghost
  3419 | D:2      | Reached skill level 5 in Maces & Flails
  3419 | D:2      | Reached XP level 7. HP: 15/47 MP: 7/7
  3645 | D:3      | Noticed Natasha
  3651 | D:3      | Killed Natasha
  3775 | D:4      | Found a shattered altar of Ashenzari.
  4318 | D:4      | Found an iron altar of Okawaru.
  4410 | D:4      | Reached XP level 8. HP: 30/53 MP: 8/8
  4826 | D:4      | Found a glowing silver altar of Zin.
  4945 | D:5      | Entered Level 5 of the Dungeon
  5033 | D:5      | Found a staircase to the Ecumenical Temple.
  5043 | Temple   | Entered the Ecumenical Temple
  5127 | Temple   | Became a worshipper of the Shining One
  5408 | D:5      | Found an ornate altar of the Wu Jian Council.
  5845 | D:6      | Found a glowing drain.
  5856 | Sewer    | Entered a sewer
  6522 | D:6      | Found Dexy's Assorted Antiques.
  6960 | D:6      | Reached XP level 9. HP: 60/60 MP: 9/9
  6988 | D:6      | Reached * piety under the Shining One
  7126 | D:7      | Noticed Joseph
  7154 | D:7      | Killed Joseph
  7421 | D:7      | Reached skill level 1 in Dodging
  7498 | D:7      | Found a sparkling altar of Nemelex Xobeh.
  7510 | D:7      | Noticed Prince Ribbit
  7521 | D:7      | Killed Prince Ribbit
  7577 | D:7      | Found a sacrificial altar of Ru.
  7700 | D:7      | Got a translucent ring mail
  7711 | D:7      | Identified the +3 ring mail of Dithmenos's Reproof {rN++
                  | rCorr Slay-5 Stlth+} (You found it on level 7 of the
                  | Dungeon)
  7860 | D:7      | Found a burning altar of Makhleb.
  7894 | D:7      | Reached ** piety under the Shining One
  8030 | D:7      | Gained mutation: You are covered in fur. (AC +1) [potion of
                  | mutation]
  8030 | D:7      | Gained mutation: You have large cloven feet. [potion of
                  | mutation]
  8030 | D:7      | Gained mutation: You are clumsy. (Dex -2) [potion of
                  | mutation]
  8030 | D:7      | Gained mutation: You have hoof-like feet. [potion of
                  | mutation]
  8031 | D:7      | Lost mutation: You are clumsy. (Dex -2) [potion of
                  | mutation]
  8031 | D:7      | Lost mutation: You have hoof-like feet. [potion of
                  | mutation]
  8031 | D:7      | Gained mutation: Your flesh is cold resistant. (rC+)
                  | [potion of mutation]
  8031 | D:7      | Gained mutation: You are partially covered in icy blue
                  | scales. (AC +2) [potion of mutation]
  8031 | D:7      | Gained mutation: You tend to lose your temper in combat.
                  | [potion of mutation]
  8031 | D:7      | Gained mutation: You are agile. (Dex +2) [potion of
                  | mutation]
  8032 | D:7      | Lost mutation: You tend to lose your temper in combat.
                  | [potion of mutation]
  8032 | D:7      | Lost mutation: Your flesh is cold resistant. (rC+) [potion
                  | of mutation]
  8032 | D:7      | Gained mutation: Your muscles are strong. (Str +2) [potion
                  | of mutation]
  8032 | D:7      | Gained mutation: You have a beak for a mouth. [potion of
                  | mutation]
  8059 | D:8      | Found a shimmering altar of Xom.
  8077 | D:8      | Noticed Grum
  8110 | D:7      | Reached XP level 10. HP: 35/66 MP: 10/10
  8316 | D:7      | Killed Grum
  8316 | D:7      | Reached skill level 5 in Armour
  8316 | D:7      | Reached skill level 5 in Shields
  8680 | D:8      | Reached skill level 5 in Dodging
  8684 | D:8      | Found a staircase to the Lair.
  9037 | Lair:1   | Entered Level 1 of the Lair of Beasts
  9037 | Lair:1   | Noticed a spiny frog
  9051 | D:8      | Killed a spiny frog
  9358 | Lair:1   | Reached XP level 11. HP: 66/71 MP: 11/11
  9370 | Lair:1   | Noticed Erica
  9383 | Lair:1   | Killed Erica
  9832 | Lair:1   | Reached *** piety under the Shining One
 10185 | Lair:1   | Noticed an oklob plant
 10560 | Lair:1   | Noticed an oklob plant
 11088 | Lair:2   | Reached skill level 1 in Invocations
 11533 | Lair:2   | Noticed a catoblepas
 11561 | Lair:2   | Killed a catoblepas
 11765 | Lair:2   | Noticed a death yak
 11909 | Lair:2   | Reached XP level 12. HP: 44/77 MP: 12/12
 12131 | Lair:2   | Noticed a death yak
 12132 | Lair:2   | Noticed a death yak
 12132 | Lair:2   | Noticed a death yak
 12133 | Lair:2   | Noticed a death yak
 12194 | Lair:1   | Killed a death yak
 12194 | Lair:1   | Reached skill level 10 in Maces & Flails
 12445 | Lair:2   | Reached skill level 10 in Fighting
 12567 | Lair:2   | Noticed a six-headed hydra
 12589 | Lair:2   | Killed a six-headed hydra
 12775 | Lair:1   | Killed a death yak
 12981 | Lair:2   | Noticed a death yak
 13012 | Lair:2   | Killed a death yak
 13021 | Lair:2   | Killed a death yak
 13031 | Lair:2   | Killed a death yak
 13050 | Lair:2   | HP: 1/78 [death yak (20)]
 13052 | Lair:2   | Killed a death yak
 13838 | D:9      | Reached **** piety under the Shining One
 14227 | D:9      | Found a hazy altar of Hepliaklqana.
 14385 | D:10     | Entered Level 10 of the Dungeon
 14408 | D:10     | Noticed an eight-headed hydra
 14425 | D:10     | Slain by an eight-headed hydra

Levels and vault maps discovered:
D:1:      nagdon_arrival_double_spiral, layout_loops_cross,
          grunt_decor_resistance, chequers_serial_rivers_small_3
D:2:      layout_basic
D:3:      layout_basic, tgw_trog, vehumet_crystals, lemuel_round_altar,
          first_ration, gammafunk_ghost_split,
          wander_ebering_terrifying_dragon_lair, uniq_robin, uniq_natasha
D:4:      layout_loops_ring, overflow_temple_1_default, kennysheep_little_box,
          lemuel_crystal_altar, minmay_fractal_squares_5
D:5:      layout_loops_ring, old_standard_altar, minmay_temple_entry_wispy,
          minmay_misc_feat_nine_boxes
D:6:      layout_rooms, serial_shops, shop_fountains,
          cheibrodos_sewer_entry_drain
D:7:      layout_loops_cross, kennysheep_mini, overflow_temple_1_default,
          makhleb_grotto_becter, uniq_joseph, uniq_prince_ribbit1
D:8:      layout_loops_ring, xom_teletrap_fun, due_lair_maze_entry_diamond,
          uniq_grum
D:9:      layout_long_grid, kennysheep_mini_moat, grunt_pizzeria
D:10:     layout_basic
Temple:   dpeg_chambers_temple
Lair:1:   layout_chaotic_city, minmay_lair_oklob_chamber, uniq_erica
Lair:2:   layout_long_grid

Skill      XL: |  1  2  3  4  5  6  7  8  9 10 11 12 |
---------------+-------------------------------------+-----
Fighting       | 4 5 6 7 9 10 | 10.6
Maces & Flails | 3 4 5 6 8 9 10 | 10.6
Dodging        | 3 6 8 9 |  9.9
Armour         | 4 6 |  6.9
Shields        | 4 6 8 9 |  9.8
Invocations    | 1 |  1.2

Action                   |  1- 3 |  4- 6 |  7- 9 | 10-12 || total
-------------------------+-------+-------+-------+-------++-------
Melee: Flail             |   116 |   203 |   583 |    14 ||   916
       Kick              |       |       |     9 |   297 ||   306
       Peck              |       |       |     2 |   161 ||   163
       Mace              |       |       |       |   575 ||   575
Invok: Divine Shield     |       |       |       |     1 ||     1
Evoke: Wand              |       |       |       |     2 ||     2
  Use: Scroll            |       |     9 |     5 |     9 ||    23
       Potion            |       |     4 |     3 |     9 ||    16
  Eat: Chunk             |     1 |     7 |    16 |    14 ||    38
       Ration            |       |       |       |     2 ||     2
Armor: Scale mail        |    91 |   117 |     4 |       ||   212
       Leather armour    |       |       |   187 |   161 ||   348
Dodge: Dodged            |    39 |    61 |   167 |   275 ||   542
Block: Shield            |    73 |   129 |   246 |   387 ||   835
